 Dungeon Crawl Stone Soup version 0.29-a0-283-ga02f740833 (webtiles) character file.

Game seed: 15351364683176059801

34 Dabor the Skirmisher (level 3, -2/29 HPs)
             Began as a Formicid Abyssal Knight on Mar 13, 2022.
             Was a Believer of Lugonu.
             Slain by a goblin
             ... wielding a +0 club
             ... led by Robin
              (7 damage)
             ... on level 2 of the Dungeon.
             The game lasted 00:02:04 (1402 turns).

Dabor the Skirmisher (Formicid Abyssal Knight)      Turns: 1402, Time: 00:02:04

Health: -2/29      AC:  3    Str: 19    XL:     3   Next: 50%
Magic:  5/5        EV: 11    Int:  9    God:    Lugonu [**....]
Gold:   61         SH:  0    Dex: 11    Spells: 2/2 levels left

rFire   . . .      SeeInvis +   a - +1 spear
rCold   . . .      Faith    .   (no shield)
rNeg    . . .      Spirit   .   b - +0 leather armour
rPois   .          Reflect  .   (helmet unavailable)
rElec   .          Harm     +   i - scarf {harm}
rCorr   .          Rampage  .   (no gloves)
Will    .....                   (no boots)
Stlth   ..........              (no amulet)
HPRegen 0.09/turn               (no ring)
MPRegen 0.09/turn               (no ring)

@: silenced
A: permanent stasis, dig shafts and tunnels, antennae 3, four strong arms
a: Dig, Shaft Self, Renounce Religion


You were on level 2 of the Dungeon.
You worshipped Lugonu.
Lugonu was pleased with you.
You visited 1 branch of the dungeon, and saw 2 of its levels.
You visited the Abyss 1 time.

You collected 61 gold pieces.

Inventory:

Hand Weapons
 a - a +1 spear (weapon)
Armour
 b - a +0 leather armour (worn)
 i - a scarf of harm (worn)
Scrolls
 c - a scroll of teleportation {unknown}
 d - a scroll of enchant armour {unknown}
 e - a scroll of enchant weapon {unknown}
 g - 2 scrolls of identify {unknown}
 h - 2 scrolls of silence
 j - a scroll of magic mapping {unknown}
Potions
 f - a potion of might {unknown}


   Skills:
 + Level 3.6 Fighting
 + Level 2.3 Polearms
 + Level 2.6 Armour
 + Level 1.3 Dodging
 + Level 2.7 Invocations


You had 2 spell levels left.
You didn't know any spells.
Your spell library contained the following spells:

 Spells                   Type           Power      Damage    Failure   Level
 Sandblast                Erth           0%         2d4       43%         1
 Passwall                 Tmut/Erth      0%         N/A       58%         2
 Stone Arrow              Conj/Erth      0%         3d7       82%         3
 Fulminant Prism          Conj/Hex       0%         3d6       99%         4
 Iskenderun's Mystic Bla  Conj/Tloc      0%         2d3       99%         4
 Lee's Rapid Deconstruct  Erth           0%         3d5*      100%        5


Dungeon Overview and Level Annotations

Branches:
Dungeon (2/15)

Altars:
Trog

Annotations:
D:2 Robin


Innate Abilities, Weirdness & Mutations

You cannot be hasted, slowed, berserked, paralysed or teleported.
You can dig through walls and to a lower floor.
You have a pair of large antennae on your head. (SInv)
Your four strong arms can wield two-handed weapons with a shield.


Message History

Lugonu accepts your kill.
No target in view!
No target in view!
No target in view!
Robin and a goblin come into view.
Robin is wielding a +0 whip and wearing the +0 helmet "Houdwada" {-Tele Rampage rElec MP+9}.
Robin shouts!
Robin roars a battlecry!
The goblin goes into a battle-frenzy!
The goblin shouts!
Things that are here:
a +0 dagger; a giant cockroach corpse A hobgoblin and 5 goblins come into view.
Found a stone staircase leading down.
The hobgoblin shouts!
The goblin shouts! x2
A hobgoblin comes into view.
A goblin comes into view. It is wielding a +0 club.
The goblin moves out of view.
A goblin and a ball python come into view.
The goblin shouts! x3; The hobgoblin shouts!
Robin throws the goblin at you!
You barely miss the goblin.
The ball python hisses angrily.
The goblin barely misses you. The goblin misses you.
The goblin attacks as you move away! The goblin closely misses you.
The goblin barely misses you. The goblin attacks as you move away!
The goblin hits you with a +0 dagger. The goblin barely misses you.
Robin throws the goblin at you!
You barely miss the goblin.
The goblin hits you but does no damage. x2
Robin throws the goblin at you!
You closely miss the goblin. The goblin hits you with a +0 club.
The goblin hits you but does no damage. The goblin hits you with a +0 club.
The goblin hits you but does no damage. The goblin hits you with a +0 dagger.
* * * LOW HITPOINT WARNING * * *
As you read the scroll labelled BETSUE KAMIC, it crumbles to dust.
A profound silence engulfs you.
It was a scroll of silence.
The goblin hits you with a +0 club.
* * * LOW HITPOINT WARNING * * *
The goblin hits you with a +0 club.
You die... .......... #....>... ....... .gg.. gg.

.#### #S#
.....##g####
......ggg..#
#####..@g..#
#..gg..# ##
##.....# ..#
#.....#
..#####.####
#.......<..#
..
###........#
#..##........#
#...........#


You could see Robin, 2 hobgoblins, 8 goblins and a ball python.

Vanquished Creatures
  3 ball pythons (D:1)
  2 bats (D:1)
  3 endoplasms
  4 giant cockroaches
  3 goblins
  A hobgoblin (D:1)
  3 jackals (D:1)
  2 kobolds (D:1)
  A quokka (D:1)
  4 frilled lizards (D:1)
  3 rats
29 creatures vanquished.

Notes
Turn   | Place    | Note
-------+----------+-------------------------------------------
     0 | Abyss:1  | Dabor the Formicid Abyssal Knight began the quest for the
                  | Orb.
     0 | Abyss:1  | Reached XP level 1. HP: 18/18 MP: 2/2
    50 | Abyss:1  | Noticed a wight
    55 | D:1      | Escaped the Abyss
   284 | D:1      | Reached skill level 1 in Dodging
   381 | D:1      | Reached XP level 2. HP: 24/24 MP: 3/3
   525 | D:1      | Reached ** piety under Lugonu
   789 | D:1      | Reached XP level 3. HP: 29/29 MP: 4/4
  1276 | D:2      | Found a bloodstained altar of Trog.
  1394 | D:2      | Identified the +0 helmet "Houdwada" {-Tele Rampage rElec
                  | MP+9}
  1394 | D:2      | Noticed Robin
  1402 | D:2      | Slain by a goblin

Illustrated notes

Levels and vault maps discovered:
D:1:      scummos_arrival_star, layout_basic
D:2:      layout_rooms, basic_altar, minmay_ruptured, uniq_jessica, uniq_robin

Skill      XL: |  1 |
---------------+----+-----
Dodging        | 1 |  1.3
Fighting       | |  3.6
Polearms       | |  2.3
Armour         | |  2.6
Invocations    | |  2.7

Action                   || total
-------------------------++-------
Melee: Spear             ||    87
Invok: Depart the Abyss  ||     1
  Use: Scroll            ||     1
 Stab: Sleeping          ||     2
Armor: Leather armour    ||    16
Dodge: Dodged            ||    41

Table legend: (Time is in decaauts)
 A = Elapsed time spent in this place.
 B = Non-inter-level travel time spent in this place.
 C = Inter-level travel time spent in this place.
 D = Time resting spent in this place.
 E = Time spent auto-exploring this place.
 F = Levels seen in this place.
 G = Mean time per level.
                   A        B        C        D        E       F      G
               +--------+--------+--------+--------+--------+-----+--------+
         Total |   1401 |   1373 |     28 |    348 |    781 |   3 |  467.0 |
       Dungeon |   1346 |   1318 |     28 |    348 |    774 |   2 |  673.0 |
         Abyss |     55 |     55 |      0 |      0 |      7 |   1 |   55.0 |
               +--------+--------+--------+--------+--------+-----+--------+

Top non-repeatable levels by time:
     D:1: 1220 daAuts
     D:2: 125 daAuts
 Abyss:1: 55 daAuts
